[Event "Early-Titled-Tuesday-Blitz-October-10-2023"]
[Site "Chess.com"]
[Date "2023.10.10"]
[Round "1"]
[White "deribas12345"]
[Black "AnaKuchava"]
[Result "1-0"]
[WhiteElo "2588"]
[BlackElo "2242"]
[TimeControl "180+1"]
[EndTime "8:07:42 PDT"]
[Termination "deribas12345 won on time"]

1. d4 d5 2. c4 e6 3. Nc3 Be7 4. e4 dxe4 5. Nxe4 Nf6 6. Nxf6+ Bxf6 7. Nf3 O-O 8. Be2 b6 9. O-O Bb7 10. Be3 Nd7 11. Qd2 Qe7 12. Rfd1 Rfd8 13. a3 c5 14.
Rac1 Rac8 15. d5 exd5 16. cxd5 Ne5 17. d6 Qe6 18. Nxe5 Bxe5 19. Bc4 Qxd6 20. Qxd6 Rxd6 21.
Rxd6 Bxd6 22. Rd1 Rd8 23. g3 Be7 24. Re1 Bf6 25. b4 cxb4 26. axb4 Bc3 27. Rc1 Bxb4 28. Bxf7+ Kxf7 29. Rc7+ Ke6 30. Rxb7 Rd7 31. Rb8 Rc7 32. h4 Bd6 33. Re8+ Re7 34. Rd8 Kd5 35. Bf4 Re6 36.
Rd7 Kc6 37. Rxa7 Bxf4 38. gxf4 Rg6+ 39. Kf1 Rg4 40. h5 h6 41. Ke2 b5 42. Kf3 Rh4 43. Rxg7 Rxh5 44. Kg4 Rc5 45. f5 b4 46. f6 Rc4+ 47. f4 Kd6 48. Kf5 Rc5+ 49. Kg6 Rc8 50. Rb7 1-0

[Event "Early-Titled-Tuesday-Blitz-October-10-2023"]
[Site "Chess.com"]
[Date "2023.10.10"]
[Round "1"]
[White "YouShallNotPass001"]
[Black "FrenchHarvey"]
[Result "0-1"]
[WhiteElo "2396"]
[BlackElo "2702"]
[TimeControl "180+1"]
[EndTime "8:07:43 PDT"]
[Termination "FrenchHarvey won by resignation"]

1. Nf3 Nf6 2. e3 d5 3. Be2 c5 4. O-O Nc6 5. d4 Bg4 6. h3 Bxf3 7. Bxf3 cxd4 8. exd4 e6 9. c3 Bd6 10. a4 Bc7 11. Re1 h5 12. Bg5 h4 13. Nd2 Ne7 14. Nf1 Nf5 15. Qd3 Nd6 16. Ne3 Kf8 17. Ng4 Nf5 18. Kf1 a6 19. Rad1 Bd6 20. c4 dxc4 21. Qxc4 Be7 22. Bc1 Rc8 23. Qb3 Nd5 24. Qxb7 Nb4 25.
d5 Rb8 26. Qa7 Nxd5 27. Qxa6 Bb4 28. Re5 Nfe7 29. Ne3 Nxe3+ 30. Bxe3 Qc7 31. Rb5 Qc4+ 32. Kg1 Re8 33. Qa7 Nf5 34. Rb7 Be7 35. Bg5 Bxg5 36. Rxf7+ Kg8 37. Rxf5 exf5 38. Bd5+ Qxd5 39. Rxd5 Re1+ 40.
Kh2 Bf4+ 41. g3 hxg3+ 42. fxg3 Re2+ 43. Kg1 Be3+ 44. Qxe3 Rxe3 45. Kf2 Rb3 46. Rb5 Rxb5 47. axb5 Kf7 48. Kf3 Rb8 49. Kf4 Rxb5 50. Kg5 Rxb2 51. g4 Rb3 52. h4 Rh3 53. gxf5 Rf3 54. h5 Rf1 55. h6 gxh6+ 0-1

[Event "Early-Titled-Tuesday-Blitz-October-10-2023"]
[Site "Chess.com"]
[Date "2023.10.10"]
[Round "1"]
[White "LangesNasenhaar"]
[Black "ferrufino64"]
[Result "1/2-1/2"]
[WhiteElo "2558"]
[BlackElo "2182"]
[TimeControl "180+1"]
[EndTime "8:07:43 PDT"]
[Termination "Game drawn - insufficient material"]

1. d4 d5 2. Nc3 e6 3. e4 dxe4 4. Nxe4 Be7 5. g3 Nf6 6. Nxf6+ Bxf6 7. c3 O-O 8. Bg2 e5 9. dxe5 Qxd1+ 10. Kxd1 Bxe5 11.
Nf3 Rd8+ 12. Ke2 Bf6 13. Bf4 c6 14. Rhd1 Re8+ 15. Kf1 Bg4 16. h3 Be6 17. Nd4 Bxd4 18. Rxd4 Nd7 19. b3 Nf6 20. c4 Rad8 21. Rad1 Rxd4 22.
Rxd4 h6 23. g4 Nd7 24. Be3 a6 25. Rd6 Nf8 26. Ke2 f5 27. gxf5 Bxf5 28. Kd2 Kf7 29. Kc3 Be4 30. Bf1 Ng6 31. Rd7+ Re7 32. Rxe7+ Kxe7 33. Kb4 Kd7 34. Bd4 Nh4 35. Bxg7 Nf5 36. Bc3 Kc7 37.
Be5+ Kd7 38. Kc5 Ke6 39. Bf4 Bb1 40. a4 Bc2 41. Kb6 Bxb3 42. a5 h5 43. Kxb7 Nd6+ 44.
Bxd6 Kxd6 45. Kxa6 Kc7 46. h4 Bd1 47. Ka7 Bf3 48.
a6 Bd1 49. Bd3 Bf3 50. c5 Bg4 51. Be4 Be6 52. f4 Bf7 53. f5 Be8 54. Bf3 Bf7 55.
Bxc6 Kxc6 56. Kb8 Kxc5 57. a7 Bd5 58. f6 Kd6 59. f7 Ke7 60. a8=Q Bxa8 61. Kxa8 Kxf7 62.
Kb7 Kf6 63. Kc6 Kf5 64. Kd5 Kg4 65. Ke4 Kxh4 66. Kf3 Kh3 67. Kf2 h4 68. Kg1 Kg3 69. Kh1 h3 70. Kg1 h2+ 71. Kh1 Kf4 72. Kxh2 1/2-1/2

[Event "Early-Titled-Tuesday-Blitz-October-10-2023"]
[Site "Chess.com"]
[Date "2023.10.10"]
[Round "1"]
[White "Cayse"]
[Black "santosalberto1987"]
[Result "0-1"]
[WhiteElo "2830"]
[BlackElo "2493"]
[TimeControl "180+1"]
[EndTime "8:07:44 PDT"]
[Termination "santosalberto1987 won by resignation"]

1. e4 e6 2. d4 d5 3. e5 c5 4.
c3 Qb6 5. Nf3 Nc6 6. Be2 cxd4 7.
cxd4 Nh6 8. Bxh6 Qxb2 9. O-O gxh6 10. Nbd2 Nxd4 11. Rb1 Nxe2+ 12. Qxe2 Qa3 13. Nd4 a6 14. N2b3 Bg7 15. f4 O-O 16. Kh1 Bd7 17. f5 exf5 18.
Nxf5 Bxf5 19. Rxf5 Rae8 20. Rbf1 Re7 21. Qd2 Rxe5 22. Rxe5 Bxe5 23. Qxd5 Qd6 24. Qxb7 Bxh2 25.
Qe4 Be5 26. Nc1 Qd4 27. Re1 Qxe4 28. Rxe4 Bg7 29. Ra4 Rd8 30. Nb3 Rd6 31. Kg1 Bc3 32. Kf1 Kg7 33. Ke2 h5 34. Nc5 a5 35. Ne4 Re6 36. Kf3 Bb4 37. a3 Be1 38. Rc4 Kg6 39. Rc1 f5 40. Nc5 Rc6 41. a4 Bb4 42. Nd3 Rxc1 43.
Nxc1 Kg5 44. Nd3 h4 45. Nf4 Bd6 46. Ne6+ Kf6 47. Nd4 Kg5 48. Nc6 Bb4 49. Nxb4 axb4 50. Ke3 b3 51. Kd3 h3 52. gxh3 f4 53. a5 f3 54. a6 f2 55. Ke2 b2 56. a7 f1=Q+ 57.
Kxf1 b1=Q+ 0-1

[Event "Early-Titled-Tuesday-Blitz-October-10-2023"]
[Site "Chess.com"]
[Date "2023.10.10"]
[Round "1"]
[White "Krlence"]
[Black "MightyGMpretender"]
[Result "0-1"]
[WhiteElo "2432"]
[BlackElo "2752"]
[TimeControl "180+1"]
[EndTime "8:07:45 PDT"]
[Termination "MightyGMpretender won by resignation"]

1. e4 g6 2. d4 Bg7 3. Nc3 a6 4.
Be3 b5 5. Qd2 d6 6. a4 b4 7. Nd1 a5 8. c3 bxc3 9. bxc3 Nf6 10. f3 O-O 11. Bd3 Ba6 12. Nf2 Bxd3 13. Nxd3 Nbd7 14. Ne2 Nb6 15. Bf2 Qd7 16. Nb2 Rfb8 17.
O-O Rb7 18. Qd3 Rab8 19. Ra2 Bh6 20. Nc4 Nxc4 21. Qxc4 Rb2 22. Ng3 Rxa2 23. Qxa2 Qc6 24. Qa3 Qc4 25. e5 Nd5 26. exd6 cxd6 27. Ne4 Rb3 28.
Qa1 Nxc3 29. Nxc3 Qxc3 30. Qd1 Rb2 31. Re1 e6 32. d5 e5 33. h4 Qd2 34. Qxd2 Rxd2 35. Rb1 Rxd5 36. Rb5 Rd1+ 37. Kh2 Bd2 38. Bb6 Kg7 39. Bxa5 Bxa5 40. Rxa5 Kf6 41. Ra6 Ke6 42. a5 Ra1 43. Kg3 h5 44. Kf2 Ra3 45. Kg3 f6 46. Kf2 f5 47. Kg3 Ra4 48. Kh3 e4 49. fxe4 fxe4 50.
Kg3 Ke5 51. Ra8 Ra3+ 52. Kf2 Kd4 53. Rg8 d5 54. Rxg6 Rxa5 55. Rg5 Kd3 56. Rxh5 Ra2+ 57.
Kg3 d4 58. Re5 e3 59. h5 Ra1 60. h6 Rh1 61. Re6 e2 62. Kf2 Rf1+ 63. Kg3 e1=Q+ 0-1

[Event "Early-Titled-Tuesday-Blitz-October-10-2023"]
[Site "Chess.com"]
[Date "2023.10.10"]
[Round "1"]
[White "Fh2411"]
[Black "valemava"]
[Result "0-1"]
[WhiteElo "2572"]
[BlackElo "2270"]
[TimeControl "180+1"]
[EndTime "8:07:45 PDT"]
[Termination "valemava won on time"]

1. d4 c6 2. c4 b5 3. Nd2 bxc4 4. Nxc4 Ba6 5. Qc2 Nf6 6. Nf3 e6 7.
Bd2 Be7 8. e4 d5 9. Ba5 Qd7 10.
Nce5 Qb7 11. O-O-O O-O 12. exd5 cxd5 13. Kb1 Rc8 14.
Qb3 Qxb3 15. axb3 Bxf1 16. Rhxf1 Nc6 17. Bc3 a5 18. Nxc6 Rxc6 19. Ne5 Rb6 20. Kc2 Bb4 21. f3 Rc8 22. Rd3 Kf8 23. g4 Ke7 24. h4 Nd7 25. Nxd7 Kxd7 26. g5 g6 27. h5 a4 28. bxa4 Ra6 29. Kb3 Be7 30. f4 Rb8+ 31. Kc2 Rxa4 32. Rh1 Ra2 33. Rdd1 Bb4 34. Rb1 Ra7 35. Kd3 Rab7 36.
Ra1 Bd6 37. Raf1 Ra8 38. hxg6 hxg6 39. Rh7 Kc6 40. Rc1 Kb5 41. Rf1 Bb4 42. Re1 Rc7 43.
Rxe6 Bxc3 44. bxc3 Ra3 45. Rd6 Rcxc3+ 46. Kd2 Rf3 47.
Rxd5+ Kc4 48. Rd7 Ra2+ 49. Ke1 Kd3 0-1

[Event "Early-Titled-Tuesday-Blitz-October-10-2023"]
[Site "Chess.com"]
[Date "2023.10.10"]
[Round "1"]
[White "semchik73"]
[Black "Hasangatin_Ramil"]
[Result "1-0"]
[WhiteElo "2437"]
[BlackElo "2715"]
[TimeControl "180+1"]
[EndTime "8:07:46 PDT"]
[Termination "semchik73 won on time"]

1. Nf3 d5 2. c4 c6 3. e3 Nf6 4. Nc3 g6 5. d4 Bg7 6. Be2 O-O 7. O-O Be6 8. Ng5 Bf5 9. Qb3 Qb6 10. c5 Qc7 11.
Bd2 Nbd7 12. e4 dxe4 13. Bc4 e6 14. Rfe1 Ng4 15. g3 Bxd4 16. Ncxe4 Bg7 17. Bf4 Nge5 18. Rad1 h6 19. Nf3 Nxf3+ 20. Qxf3 e5 21. Be3 Bxe4 22. Qxe4 Kh7 23. Rd6 Nf6 24. Qh4 Nd5 25. Bxd5 cxd5 26. Rxd5 f5 27. Red1 Rf7 28. b4 Raf8 29. Rd6 f4 30. Bc1 fxg3 31. fxg3 b6 32. Qg4 Rf6 33. Rxf6 Rxf6 34. Rd7 Qc6 35. Bxh6 Qxd7 36. Qxd7 Kxh6 37. Qh3+ Kg5 38. Qh4+ Kf5 39. g4+ Ke6 40. Qg5 bxc5 41. bxc5 Bf8 42. Qc1 Kd7 43. Qd1+ Kc6 44. Qa4+ Kd5 45.
Qd7+ Ke4 46. c6 Bc5+ 47. Kg2 1-0

[Event "Early-Titled-Tuesday-Blitz-October-10-2023"]
[Site "Chess.com"]
[Date "2023.10.10"]
[Round "1"]
[White "kingapolak"]
[Black "ErikRonka"]
[Result "1-0"]
[WhiteElo "2038"]
[BlackElo "2519"]
[TimeControl "180+1"]
[EndTime "8:07:47 PDT"]
[Termination "kingapolak won by checkmate"]

1. e4 c6 2. d4 d5 3. Nc3 dxe4 4. Nxe4 Bf5 5. Ng3 Bg6 6. h4 h6 7. Nf3 Nd7 8. h5 Bh7 9. Bd3 Bxd3 10. Qxd3 e6 11. Bf4 Qa5+ 12. Bd2 Bb4 13. c3 Be7 14.
Qe2 Ngf6 15. a3 O-O 16. c4 Qc7 17. O-O Rfe8 18. Ne5 c5 19. Bc3 Rad8 20. Rad1 Bf8 21. Rfe1 Rc8 22. Rc1 cxd4 23. Bxd4 Bc5 24. Bxc5 Nxc5 25.
b4 Ncd7 26. Nd3 b6 27. Red1 Red8 28. c5 bxc5 29. Nxc5 Nxc5 30. Rxc5 Qb7 31. Rdc1 Nd5 32. Ne4 Nf4 33. Qf3 Rxc5 34. Rxc5 Nd3 35. Nf6+ gxf6 36.
Qxb7 Kg7 37. f3 Nf4 38. Rc1 Ne2+ 39. Kh2 Nxc1 40. Qc7 Rd1 41. Qxa7 Nd3 42. b5 Nf4 43. b6 Rd2 44. b7 Rxg2+ 45. Kh1 Rd2 46. b8=Q Nxh5 47. Qg1+ Kh7 48. Qgg8# 1-0

[Event "Early-Titled-Tuesday-Blitz-October-10-2023"]
[Site "Chess.com"]
[Date "2023.10.10"]
[Round "1"]
[White "BJthechessgod"]
[Black "LoydBlankenship"]
[Result "1-0"]
[WhiteElo "2376"]
[BlackElo "2622"]
[TimeControl "180+1"]
[EndTime "8:07:49 PDT"]
[Termination "BJthechessgod won by resignation"]

1. e4 e6 2. d4 d5 3. e5 c5 4. c3 Nc6 5. Nf3 Bd7 6. Be2 Qb6 7.
a3 c4 8. Nbd2 Na5 9. Rb1 Ne7 10.
Nf1 Nc8 11. Bf4 Qc7 12. Ne3 Nb6 13. O-O Ba4 14. Qe1 h6 15. Nd2 Be7 16. g3 O-O-O 17.
g4 Rdf8 18. Bg3 g6 19. f4 h5 20. f5 gxf5 21. gxf5 Bg5 22. Bf4 Rfg8 23. Kh1 Qd8 24. f6 Qf8 25. Bxg5 Rxg5 26. Nf3 Rgg8 27. Rg1 Qh6 28. Qf2 Nd7 29. Rxg8+ Rxg8 30. Rg1 Rxg1+ 31. Qxg1 Nf8 32. Qg8 Be8 33. Nf1 Kd8 34. Qg7 Qf4 35.
Qxf8 Nc6 36. Qg7 Qc1 37. Ng5 Qxb2 38. Bxh5 Qxc3 39. Qf8 Qxd4 40. Nxf7+ Kd7 41. Nd6 Qxe5 42. Qxe8+ Kc7 43. Nb5+ Kb6 44. f7 Qe4+ 45. Kg1 Kxb5 46. f8=Q Qd4+ 47. Qf2 Qg7+ 48. Qg6 Qe5 49. Qgg3 Qe4 50.
Bg6 Qd4 51. Qxd4 Nxd4 52. Be8+ Ka5 53. Qc7+ Ka6 54. Qd6+ Ka5 55. Qc5+ 1-0

[Event "Early-Titled-Tuesday-Blitz-October-10-2023"]
[Site "Chess.com"]
[Date "2023.10.10"]
[Round "1"]
[White "karinachess1"]
[Black "Vision_64"]
[Result "1-0"]
[WhiteElo "2638"]
[BlackElo "2351"]
[TimeControl "180+1"]
[EndTime "8:07:49 PDT"]
[Termination "karinachess1 won by resignation"]

1. d4 d5 2. c4 c6 3. Nf3 Nf6 4. g3 e6 5. Bg2 Bb4+ 6. Bd2 Bxd2+ 7.
Nbxd2 O-O 8. O-O b6 9. Qc2 Bb7 10. e4 Na6 11. e5 Nd7 12. cxd5 cxd5 13. a3 Rc8 14. Qd3 Nc7 15. Rfc1 Ba6 16. Qe3 f6 17. exf6 Qxf6 18. Re1 Rfe8 19. Rac1 Nb5 20. Rxc8 Bxc8 21. Bh3 Nf8 22. Ne5 Nd6 23. f4 Nf5 24. Qd3 Bb7 25. Rc1 Rc8 26. Rxc8 Bxc8 27. Qc3 Qd8 28. Ndf3 Ba6 29.
Ng5 Qe7 30. Kf2 h6 31. Ngf3 Nd6 32. Nd2 g5 33. Qe3 Kh7 34. Bg2 Ng6 35. Nxg6 Kxg6 36. Nf3 Nf5 37. Ne5+ Kg7 38. Qd2 Qc7 39. Bh3 Qd6 40.
Bxf5 exf5 41. Qc3 gxf4 42. gxf4 Kf6 43. Qg3 Ke7 44. Qg7+ Kd8 45. Nf7+ 1-0

[Event "Early-Titled-Tuesday-Blitz-October-10-2023"]
[Site "Chess.com"]
[Date "2023.10.10"]
[Round "1"]
[White "MikaelyanArman"]
[Black "noblerone"]
[Result "1-0"]
[WhiteElo "2832"]
[BlackElo "2468"]
[TimeControl "180+1"]
[EndTime "8:07:50 PDT"]
[Termination "MikaelyanArman won by checkmate"]

1. d4 d5 2. c4 c6 3. Nf3 Nf6 4. Nc3 dxc4 5. e4 b5 6. Be2 b4 7.
Na4 Nxe4 8. Bxc4 e6 9. O-O Be7 10. Qe2 Nf6 11. Rd1 O-O 12. Ne5 Nd5 13. Nc5 Bxc5 14.
dxc5 Bd7 15. Bd3 Be8 16. Qe4 f5 17. Qe2 Qh4 18. Nf3 Qf6 19. Bg5 Qg6 20. h4 Nd7 21. Ne5 Nxe5 22. Qxe5 Bd7 23. Bc4 h6 24. Bd2 Qg4 25.
Rac1 Qxh4 26. Bxb4 Rf7 27. Rd4 Qg5 28. Bd2 Qg6 29. b4 a6 30. a4 Kh8 31. Bf1 Kh7 32.
b5 axb5 33. axb5 cxb5 34. c6 Bc8 35. Bxb5 Ra3 36. c7 f4 37. Bf1 Rf5 38. Qe4 Kh8 39. Rb1 Qg5 40. Rb8 Rf8 41. Rxc8 Rxc8 42. Qxe6 Raa8 43.
Rxd5 Qf6 44. Qxf6 gxf6 45. Bxf4 Kg7 46. g3 Ra7 47. Bh3 Rcxc7 48. Bxc7 Rxc7 49. Rd7+ Rxd7 50. Bxd7 Kg6 51. Kg2 Kg5 52. Kh3 f5 53. f4+ Kh5 54. Be8# 1-0

[Event "Early-Titled-Tuesday-Blitz-October-10-2023"]
[Site "Chess.com"]
[Date "2023.10.10"]
[Round "1"]
[White "crazy_m_attack"]
[Black "Eagle_2019"]
[Result "0-1"]
[WhiteElo "2410"]
[BlackElo "2718"]
[TimeControl "180+1"]
[EndTime "8:07:50 PDT"]
[Termination "Eagle_2019 won by checkmate"]

1. e4 c5 2. Nf3 e6 3. d4 cxd4 4. Nxd4 Nf6 5. Nc3 Nc6 6. Ndb5 Bc5 7. Bf4 O-O 8. Bc7 Qe7 9. Bd6 Bxd6 10. Qxd6 Qd8 11.
Nc7 Rb8 12. Be2 b6 13. e5 Rb7 14. N7b5 Ne8 15. Qd2 Nxe5 16. O-O-O d5 17. f4 Nc6 18. f5 a6 19. Nd4 Nxd4 20. Qxd4 Qg5+ 21. Kb1 Qxf5 22.
Bxa6 Rb8 23. Bxc8 Rxc8 24. Qxb6 Nf6 25. Rhf1 Qg6 26. Qf2 Rc4 27. Qg3 Rg4 28. Qd3 Rxg2 29. Qxg6 hxg6 30. a4 Rxh2 31. a5 Ra8 32. b4 Rh4 33.
Na2 Ne4 34. Rf3 Nd6 35. Rc3 Nc4 36. Rb3 Rh2 37. Kc1 Rc8 38. Rc3 Rb8 39. a6 Rb6 40. b5 Rxb5 41. Rxc4 Ra5 42. Rc8+ Kh7 43. Nb4 Ra4 44. c3 Ra1# 0-1

[Event "Early-Titled-Tuesday-Blitz-October-10-2023"]
[Site "Chess.com"]
[Date "2023.10.10"]
[Round "1"]
[White "wqws"]
[Black "N4700000"]
[Result "0-1"]
[WhiteElo "2652"]
[BlackElo "2405"]
[TimeControl "180+1"]
[EndTime "8:07:50 PDT"]
[Termination "N4700000 won by resignation"]

1. e4 c6 2. d4 d5 3. e5 Bf5 4. c4 e6 5. Nc3 Ne7 6. Nge2 dxc4 7. Ng3 Bd3 8. Bxd3 cxd3 9. Qxd3 Nd5 10. O-O Be7 11.
Nge4 O-O 12. Qg3 Kh8 13. Bg5 f6 14. exf6 gxf6 15. Bd2 Rg8 16. Qf3 Nd7 17. Rae1 Rg6 18. Ng3 Qg8 19. Nxd5 cxd5 20. Rc1 Bd6 21. Rfe1 Re8 22.
a3 Nb8 23. b4 Nc6 24. Bc3 a6 25. Rb1 b5 26. Bb2 f5 27. Rbc1 Ne7 28. Re2 f4 29.
Nh5 Nf5 30. Nxf4 Bxf4 31. Qxf4 Rxg2+ 32. Kh1 Qg6 33. Qe5+ Kg8 34. Ree1 Nh4 35. Rg1 Rf8 36. Qe3 Rf5 37. Qh3 Rfg5 38. Rxg2 Nxg2 39. Rg1 Nf4 40. Rxg5 Nxh3 41. Rxg6+ hxg6 42. Kg2 Nf4+ 43. Kf3 Nd3 44.
Bc3 Nc1 45. Ke3 Kf7 46. Kf4 Ne2+ 47. Ke5 Nxc3 48. Kd6 Ne2 49. Kc6 Nxd4+ 50. Kb6 Nc2 0-1

[Event "Early-Titled-Tuesday-Blitz-October-10-2023"]
[Site "Chess.com"]
[Date "2023.10.10"]
[Round "1"]
[White "Xqswdc"]
[Black "GMMatamoros"]
[Result "1-0"]
[WhiteElo "2334"]
[BlackElo "2588"]
[TimeControl "180+1"]
[EndTime "8:07:51 PDT"]
[Termination "Xqswdc won on time"]

1. e4 d6 2. d4 Nf6 3. Nc3 e5 4. f4 exd4 5. Qxd4 Be7 6. Bb5+ c6 7. Bd3 O-O 8. Nf3 Nbd7 9. a4 Re8 10. Qf2 Nc5 11. O-O Bf8 12. Re1 Ng4 13. Qg3 f5 14. exf5 Nxd3 15. Rxe8 Qxe8 16. cxd3 Bxf5 17. Bd2 Qg6 18.
Nh4 Qf6 19. Nxf5 Qxf5 20. Re1 Qc5+ 21. Kf1 Nf6 22. h3 d5 23. Qf2 Qb4 24. Be3 Re8 25. Bd4 Rxe1+ 26. Kxe1 Nd7 27. Be5 Bc5 28. Qe2 Qb3 29. d4 Bb4 30. Kf2 Bxc3 31. bxc3 Qxc3 32. Qg4 Qd2+ 33. Kg3 Nf8 34. Qc8 Qe1+ 35. Kh2 Qe4 36. Qc7 Qg6 37. Qxb7 h5 38. Qxa7 h4 39. Kg1 Qb1+ 40. Kf2 Qc2+ 41. Kf1 Qd3+ 42. Kf2 Qc2+ 43. Kg1 Qg6 44. Qc7 Ne6 45. Qd6 Qb1+ 46. Kh2 Qf5 47.
Kg1 Qb1+ 48. Kh2 Qf5 49. Qb8+ Kh7 50. Qb2 1-0

[Event "Early-Titled-Tuesday-Blitz-October-10-2023"]
[Site "Chess.com"]
[Date "2023.10.10"]
[Round "1"]
[White "Alina_Gumerovna"]
[Black "banane_verte"]
[Result "1/2-1/2"]
[WhiteElo "2091"]
[BlackElo "2539"]
[TimeControl "180+1"]
[EndTime "8:07:51 PDT"]
[Termination "Game drawn by repetition"]

1. e4 e6 2. d4 d5 3. exd5 exd5 4. Bd3 Nf6 5. Qf3 Nc6 6. c3 Bd6 7. h3 Qe7+ 8. Ne2 Ne4 9. O-O O-O 10. Bf4 Qf6 11. Bxd6 Qxf3 12. gxf3 Nxd6 13. Kg2 Bf5 14. Bxf5 Nxf5 15. Na3 Nce7 16. Rfe1 c6 17. Ng1 Ng6 18. Nc2 Nf4+ 19. Kh2 Rae8 20. Ne3 Nd3 21. Re2 Nf4 22. Ree1 Nd6 23. Kg3 Nh5+ 24. Kh2 Re7 25.
Ng4 Rfe8 26. Rxe7 Rxe7 27. Ne5 f6 28. Nd3 Kf7 29. Kg2 Nf5 30. Kf1 Nh4 31. Re1 Rxe1+ 32.
Kxe1 Ke6 33. Ke2 Kf5 34. Ke3 Ng2+ 35. Ke2 Ngf4+ 36. Nxf4 Kxf4 37. h4 g5 38. hxg5 fxg5 39. Nh3+ Kf5 40. Ke3 Nf4 41. Nxf4 gxf4+ 42. Ke2 b6 43.
Kf1 c5 44. Kg2 a5 45. a4 Kg5 46. Kh3 Kh5 47. Kh2 Kh4 48. Kg2 h6 49. Kh2 Kh5 50. Kh3 Kg5 51. Kg2 Kg6 52. Kh3 h5 53. Kh4 Kh6 54. Kh3 Kg5 55. Kh2 Kf5 56. Kh3 Kg6 57. Kg2 h4 58. Kh2 Kh6 59. Kh3 Kh5 60. Kh2 Kg5 61. Kg2 c4 62. Kh3 Kh5 63. Kh2 Kg6 64. Kg2 Kf6 65. Kh2 Kg5 66. Kh3 Kh5 67.
Kg2 Kh6 68. Kh3 Kh5 1/2-1/2

[Event "Early-Titled-Tuesday-Blitz-October-10-2023"]
[Site "Chess.com"]
[Date "2023.10.10"]
[Round "1"]
[White "FGHSMN"]
[Black "MaxLeto"]
[Result "0-1"]
[WhiteElo "2854"]
[BlackElo "2498"]
[TimeControl "180+1"]
[EndTime "8:07:52 PDT"]
[Termination "MaxLeto won on time"]

1. d4 h5 2. Nf3 h4 3. e4 h3 4. g3 d5 5. e5 Bg4 6. Be2 e6 7. Be3 Nd7 8. Nbd2 Nh6 9. Bxh6 Rxh6 10. Nf1 c5 11. Ne3 Bxf3 12. Bxf3 cxd4 13. Ng4 Qa5+ 14. c3 dxc3 15. O-O Rg6 16. bxc3 Rc8 17. Rb1 b6 18.
Qe2 Qxc3 19. Ne3 Nxe5 20. Bh5 Rh6 21. Kh1 Be7 22. f4 Nc4 23. Rbc1 Qd4 24. Bf3 Rc5 25. Ng4 Rg6 26. Rfd1 Qb2 27. Rc2 Qb5 28. Qf1 Qc6 29.
Qxh3 Bf8 30. Re2 a5 31. f5 Rg5 32. fxe6 fxe6 33. Rde1 Kd7 34. Rxe6 Qxe6 35. Nf6+ gxf6 36. Qxe6+ Kc7 37. Qf7+ Kc6 38. Qxf8 Ne5 39. Qxf6+ Kb5 40. Qxg5 Nxf3 41. Rb1+ Ka4 42. Qf4+ Rc4 0-1

[Event "Early-Titled-Tuesday-Blitz-October-10-2023"]
[Site "Chess.com"]
[Date "2023.10.10"]
[Round "1"]
[White "DTChess"]
[Black "norwaytoadog"]
[Result "1-0"]
[WhiteElo "2633"]
[BlackElo "2336"]
[TimeControl "180+1"]
[EndTime "8:07:52 PDT"]
[Termination "DTChess won on time"]

1. e4 c5 2. Nf3 d6 3. Nc3 Nc6 4. d4 cxd4 5. Nxd4 Nf6 6. Bc4 e6 7. Bb3 Be7 8. Be3 a6 9. f3 Qc7 10. a3 Bd7 11. Qd2 b5 12. O-O Rc8 13. Rfd1 Na5 14. Rac1 Nc4 15. Bxc4 Qxc4 16. Nb3 O-O 17.
Bf4 Rfd8 18. Be3 Qc7 19. Qf2 Rb8 20. Rd2 a5 21. Rcd1 b4 22. axb4 axb4 23. Ne2 d5 24.
e5 Qxe5 25. Bf4 Qxb2 26. Bxb8 Rxb8 27. Qa7 Qe5 28. Ned4 Bd6 29. g3 Qe3+ 30. Kg2 e5 31. Re2 Qh6 32. Qa6 Bc7 33. Nc6 Qh3+ 34. Kh1 Rb6 35.
Qa8+ Be8 36. Nxe5 Re6 37. f4 Ne4 38. Rg1 Nxg3+ 39. Rxg3 Qf1+ 40. Rg1 Qxe2 41. Nd4 Qe4+ 42. Nef3 Re7 43. Re1 Qxe1+ 44. Nxe1 Rxe1+ 45. Kg2 h5 46. Qxd5 Bxf4 47. Nf5 Ba4 48. Qa8+ Kh7 49. Qxa4 Re2+ 50. Kf3 1-0

[Event "Early-Titled-Tuesday-Blitz-October-10-2023"]
[Site "Chess.com"]
[Date "2023.10.10"]
[Round "1"]
[White "Sadykov_Ramil"]
[Black "falzehope0"]
[Result "1-0"]
[WhiteElo "2623"]
[BlackElo "2309"]
[TimeControl "180+1"]
[EndTime "8:07:52 PDT"]
[Termination "Sadykov_Ramil won by checkmate"]

1. Nf3 d5 2. g3 e6 3. Bg2 Bd6 4. c4 c6 5. O-O f5 6. d3 Nf6 7.
Nc3 O-O 8. e4 Be7 9. Bf4 d4 10.
Ne2 c5 11. exf5 exf5 12. b4 Nh5 13. Be5 Nc6 14. bxc5 Nxe5 15. Nxe5 Nf6 16. c6 Qc7 17. cxb7 Bxb7 18. Bxb7 Qxb7 19. Nxd4 f4 20. Qf3 Qxf3 21. Ndxf3 fxg3 22. hxg3 Ba3 23. Rab1 Rfb8 24. Kg2 h6 25. d4 Kf8 26. Nc6 Rc8 27. d5 Bd6 28. Nfd4 Nd7 29.
Rb7 Nc5 30. Rb5 Re8 31. Nf5 Ne4 32. f3 Nd2 33. Nxd6 Nxf1 34. Kxf1 Re3 35. Kf2 Ra3 36. Rb2 a5 37. g4 g6 38. Kg3 h5 39. gxh5 gxh5 40.
Kf4 h4 41. Rh2 Kg7 42. Nf5+ Kf6 43. Rxh4 Rg8 44. Rh6+ Kf7 45. Ne5+ Ke8 46. Ra6 Kd8 47. d6 Kc8 48. Ra8+ Kb7 49. Rxg8 a4 50. d7 Rxa2 51. d8=Q Rb2 52. Qd6 Ka7 53. Rg7+ Rb7 54. Rxb7+ Kxb7 55. Qc6+ Ka7 56. Nd6 a3 57. Qb7# 1-0

[Event "Early-Titled-Tuesday-Blitz-October-10-2023"]
[Site "Chess.com"]
[Date "2023.10.10"]
[Round "1"]
[White "Maksimus1998"]
[Black "Irina_Mikhaylova"]
[Result "1-0"]
[WhiteElo "2610"]
[BlackElo "2303"]
[TimeControl "180+1"]
[EndTime "8:07:54 PDT"]
[Termination "Maksimus1998 won by resignation"]

1. d4 Nf6 2. Nf3 g6 3. Bg5 Bg7 4. Nbd2 d5 5. e3 O-O 6. Be2 b6 7. O-O c5 8. c3 Ba6 9. a4 Bxe2 10. Qxe2 Nc6 11. Rfd1 Qc7 12. Bf4 Qd7 13. Ne5 Nxe5 14. Bxe5 Rac8 15. dxc5 Rxc5 16. Bxf6 Bxf6 17. Ne4 Rc6 18.
Nxf6+ Rxf6 19. a5 Rd6 20. axb6 axb6 21. Ra6 e5 22. h3 Rd8 23. Qg4 Qxg4 24. hxg4 Kg7 25.
g5 h6 26. gxh6+ Kxh6 27. Kf1 f5 28. Ke2 Kg5 29. g3 Kf6 30. Rh1 R8d7 31. Rh8 Rb7 32. Rf8+ Ke7 33. Raa8 Kd7 34. Rad8+ Kc6 35. Rxd6+ Kxd6 36.
Rf6+ Kc5 37. Rxg6 d4 38. cxd4+ exd4 39. Rf6 dxe3 40. Rxf5+ Kc4 41. Kxe3 b5 42. Kd2 Rd7+ 43. Kc2 Re7 44. Rf4+ Kc5 45. Kc3 Re2 46. Rf5+ Kc6 47. g4 b4+ 48. Kxb4 Rxb2+ 49. Kc3 Ra2 50. Kd3 Kd6 51. g5 Ke6 52. Rf6+ Ke7 53. f4 Ra4 54. Ke3 Rb4 55. Kf3 Rc4 56. Kg4 Rc1 57. Ra6 Rc5 58.
f5 Kf7 59. Ra7+ Kg8 60. g6 Rb5 61. Kg5 Rb8 62. f6 Rb5+ 63. Kh6 Rb8 64. Rg7+ Kh8 65. Rh7+ Kg8 66. f7+ 1-0

[Event "Early-Titled-Tuesday-Blitz-October-10-2023"]
[Site "Chess.com"]
[Date "2023.10.10"]
[Round "1"]
[White "ivana_999"]
[Black "karwowskikacper"]
[Result "0-1"]
[WhiteElo "2055"]
[BlackElo "2543"]
[TimeControl "180+1"]
[EndTime "8:07:54 PDT"]
[Termination "karwowskikacper won by checkmate"]

1. d4 d5 2. c4 e6 3. Nc3 a6 4. cxd5 exd5 5. Nf3 Nf6 6. Bg5 Be6 7. e3 Nbd7 8. Bd3 c6 9. h3 Bd6 10. Qc2 h6 11.
Bxf6 Nxf6 12. Bf5 O-O 13. Bxe6 fxe6 14. O-O Qe7 15. Rfe1 e5 16. dxe5 Bxe5 17. Nxe5 Qxe5 18. Ne2 Ne4 19. Rf1 Rf6 20. Nc3 Nd6 21. Rad1 Raf8 22. Qd2 Nc4 23. Qd4 Qxd4 24. Rxd4 Nxb2 25. Rb4 Nd3 26.
Rxb7 Nxf2 27. Rbb1 Nd3 28. Rxf6 Rxf6 29. Rf1 Rxf1+ 30. Kxf1 Kf7 31. Ke2 Nc5 32. Nb1 Ne4 33. Kd3 Ke6 34. a3 Ke5 35. a4 c5 36. Na3 Nd6 37.
Nc2 a5 38. Ne1 c4+ 39. Ke2 Ne4 40. Nf3+ Kf6 41. Nd4 Nc3+ 42. Kd2 Nxa4 43. Nc6 Nc5 44. Nxa5 Nb3+ 45. Nxb3 cxb3 46. Kc3 Ke5 47. Kxb3 Ke4 48. Kc3 Kxe3 49. Kc2 d4 50. Kd1 Kd3 51. Ke1 Kc2 52.
Kf2 d3 53. Kg3 d2 54. Kf4 d1=Q 55. Kf5 Qd3+ 56. Ke6 Qg6+ 57. Ke7 Qf6+ 58. Kd7 g5 59. Ke8 Kd3 60. Kd7 Kd4 61. Ke8 Kd5 62. Kd7 Qf7+ 63. Kc8 Kc6 64. Kb8 Qb7# 0-1

[Event "Early-Titled-Tuesday-Blitz-October-10-2023"]
[Site "Chess.com"]
[Date "2023.10.10"]
[Round "1"]
[White "Leonid_Starozhilov"]
[Black "Eloist"]
[Result "1/2-1/2"]
[WhiteElo "2744"]
[BlackElo "2440"]
[TimeControl "180+1"]
[EndTime "8:07:55 PDT"]
[Termination "Game drawn - insufficient material"]

1. e4 e6 2. d4 d5 3. Nc3 Nf6 4.
Bg5 dxe4 5. Nxe4 Be7 6. Bxf6 gxf6 7. Nf3 f5 8. Ned2 c5 9. dxc5 Bxc5 10. Nb3 Qxd1+ 11.
Rxd1 Bb6 12. Ne5 Ke7 13. Be2 Nd7 14. Nxd7 Bxd7 15. Bf3 Rac8 16. c3 Bc6 17. Ke2 Bb5+ 18. Ke1 Bc6 19. Bxc6 Rxc6 20. Ke2 Rg8 21. g3 h5 22. Rd3 Rd6 23. Rhd1 Rxd3 24. Rxd3 h4 25. Nd2 hxg3 26. hxg3 Rd8 27. Rxd8 Bxd8 28. a4 Bc7 29.
Nc4 b6 30. b4 f4 31. g4 e5 32. Kd3 Ke6 33. Ke4 f6 34. f3 Bd8 35. Nb2 Bc7 36.
Nd3 Bd6 37. c4 Bc7 38. c5 bxc5 39. Nxc5+ Kd6 40. Kf5 Kd5 41. Kxf6 a5 42. Ne4 axb4 43. g5 Bd8+ 44. Kf5 Bxg5 45. Kxg5 b3 46. a5 b2 47. a6 Kc6 48. Nc3 e4 49. Kxf4 exf3 50. Kxf3 Kb6 51. Ke2 Kxa6 52. Kd2 b1=Q 53. Nxb1 1/2-1/2